 Dungeon Crawl Stone Soup version 0.27-a0-1456-gf5a116941d (webtiles) character file.

Game seed: 295890870513667702

101617 lunkers the Martial Artist (level 16, -4/131 HPs)
             Began as a Gnoll Transmuter on July 5, 2021.
             Was a High Priest of Ashenzari.
             Slain by a naga warrior (5 damage)
             ... on level 4 of the Snake Pit.
             The game lasted 00:46:02 (34831 turns).

lunkers the Martial Artist (Gnoll Transmuter)      Turns: 34831, Time: 00:46:02

Health: -4/131     AC: 16    Str: 17    XL:     16   Next: 31%
Magic:  0/34       EV: 19    Int: 19    God:    Ashenzari [*****.]
Gold:   2187       SH: 13    Dex: 17    Spells: 21/43 levels left

rFire    + . .     SeeInvis +   g - +6 double sword of Ashenzari's Suspicion {freeze, Elem, Self} (curse)
rCold    . . .     Faith    .   S - +0 kite shield of Ashenzari's Negation {Elem, Cun} (curse)
rNeg     + . .     Spirit   +   F - +0 steam dragon scales of Supernal Knowledge {Fort, Elem} (curse)
rPois    .         Reflect  .   z - +0 hat of the Fated Oracle {rN+, Melee, Cun} (curse)
rElec    .         Harm     .   q - +0 cloak
rCorr    .         Rampage  .   V - +0 pair of gloves "Overhang to Understand" {Melee, Comp} (curse)
Will     +....     Clarity  +   O - +0 pair of boots of the Enigmatic Vexation {Elem, Alch} (curse)
Stlth    ++++++....             G - amulet of Curses and Power {Spirit rF+, Elem, Cun} (curse)
HPRegen  0.31/turn              B - ring of the Cursed Sage {AC+4 Str+7 Dex+4, Evo, Melee} (curse)
MPRegen  0.24/turn              r - ring of the Fated Prison {Wiz, Melee, Bglg} (curse)

@: unable to drink, constricted
A: no potions, fangs 1, strong nose, distributed training
a: Renounce Religion, Shatter the Chains


You were on level 4 of the Snake Pit.
You worshipped Ashenzari.
Ashenzari was extremely pleased with you.
You visited 5 branches of the dungeon, and saw 25 of its levels.
You also visited: Ice Cave.

You collected 2755 gold pieces.
You spent 568 gold pieces at shops.

Inventory:

Hand Weapons
 g - the cursed +6 double sword of Ashenzari's Suspicion (weapon) {freeze, Elem, Self}
   (You found it on level 6 of the Lair of Beasts)

   It has been specially enchanted to freeze those struck by it, causing extra
   injury to most foes and up to half again as much damage against particularly
   susceptible opponents.
   It can also slow down cold-blooded creatures.
   It has a curse which improves the following skills: Elements: Fire Magic, Ice
   Magic, Air Magic and Earth Magic.
   Introspection: Fighting and Spellcasting.
Missiles
 d - 117 poisoned darts
 s - 2 throwing nets
 D - 7 curare-tipped darts
 W - 8 atropa-tipped darts
Armour
 j - a +0 pair of gloves
 m - a +0 pair of boots
 q - a +0 cloak (worn)
 z - the cursed +0 hat of the Fated Oracle (worn) {rN+, Melee, Cun}
   (You acquired it on level 4 of the Lair of Beasts)

   rN:        It protects you from negative energy.
   It has a curse which improves the following skills: Melee Combat: Short
   Blades, Long Blades, Axes, Maces & Flails, Polearms, Staves and Unarmed
   Combat.
   Cunning:   Dodging and Stealth.
 F - the cursed +0 steam dragon scales of Supernal Knowledge (worn) {Fort, Elem}
   (You found it on level 7 of the Dungeon)

   It has a curse which improves the following skills: Fortitude: Armour and
   Shields.
   Elements:  Fire Magic, Ice Magic, Air Magic and Earth Magic.
 O - the cursed +0 pair of boots of the Enigmatic Vexation (worn) {Elem, Alch}
   (You found it on level 4 of the Dungeon)

   It has a curse which improves the following skills: Elements: Fire Magic, Ice
   Magic, Air Magic and Earth Magic.
   Alchemy:   Poison Magic and Transmutations.
 R - the +3 robe "Ivveojav" {rPois Dex+3}
   (You found it on level 10 of the Dungeon)

   Dex:       It affects your dexterity (+3).
   rPois:     It protects you from poison.
 S - the cursed +0 kite shield of Ashenzari's Negation (worn) {Elem, Cun}
   (You found it on level 1 of the Dungeon)

   It has a curse which improves the following skills: Elements: Fire Magic, Ice
   Magic, Air Magic and Earth Magic.
   Cunning:   Dodging and Stealth.
 V - the cursed +0 pair of gloves "Overhang to Understand" (worn) {Melee, Comp}
   (You found it on level 2 of the Lair of Beasts)

   It has a curse which improves the following skills: Melee Combat: Short
   Blades, Long Blades, Axes, Maces & Flails, Polearms, Staves and Unarmed
   Combat.
   Companions: Summonings and Necromancy.
Magical Staves
 U - a staff of fire
 Y - a staff of cold
Jewellery
 a - a ring of the Octopus King {Wiz AC+1 EV+1 Str+1 Int+1 Dex+1}
   (You bought it in a shop on level 2 of the Orcish Mines)

   [ring of wizardry]

   It improves your spell success rate.
   AC:        It affects your AC (+1).
   EV:        It affects your evasion (+1).
   Str:       It affects your strength (+1).
   Int:       It affects your intelligence (+1).
   Dex:       It affects your dexterity (+1).
 e - a ring of resist corrosion
 r - the cursed ring of the Fated Prison (right hand) {Wiz, Melee, Bglg}
   (You found it on level 3 of the Dungeon)

   [ring of wizardry]

   It improves your spell success rate.
   It has a curse which improves the following skills: Melee Combat: Short
   Blades, Long Blades, Axes, Maces & Flails, Polearms, Staves and Unarmed
   Combat.
   Beguiling: Conjurations, Hexes and Translocations.
 B - the cursed ring of the Cursed Sage (left hand) {AC+4 Str+7 Dex+4, Evo, Melee}
   (You acquired it on level 7 of the Dungeon)

   [ring of protection]

   AC:        It affects your AC (+4).
   Str:       It affects your strength (+7).
   Dex:       It affects your dexterity (+4).
   It has a curse which improves the following skills: Evocations: Evocations.
   Melee Combat: Short Blades, Long Blades, Axes, Maces & Flails, Polearms,
   Staves and Unarmed Combat.
 G - the cursed amulet of Curses and Power (around neck) {Spirit rF+, Elem, Cun}
   (You found it on level 7 of the Dungeon)

   [amulet of guardian spirit]

   It causes incoming damage to be divided between your reserves of health and
   magic.
   rF:        It protects you from fire.
   It has a curse which improves the following skills: Elements: Fire Magic, Ice
   Magic, Air Magic and Earth Magic.
   Cunning:   Dodging and Stealth.
 K - a +6 ring of intelligence
 M - a ring of protection from cold
 Q - a ring of ice
 T - an amulet of magic regeneration
Wands
 u - a wand of paralysis (34)
 w - a wand of flame (41)
 x - a wand of mindburst (42)
 E - a wand of iceblast (5)
 N - a wand of digging (11)
Scrolls
 b - 5 scrolls of magic mapping
 c - 8 scrolls of teleportation
 p - 3 scrolls of fear
 v - 6 scrolls of blinking
 y - 2 scrolls of fog
 A - a scroll of holy word
 I - a scroll of summoning
 J - 4 scrolls of enchant armour
Potions
 f - 5 potions of haste
 h - 5 potions of invisibility
 i - 6 potions of flight
 k - 10 potions of curing
 l - 9 potions of brilliance
 n - 4 potions of attraction
 o - 2 potions of cancellation
 t - 4 potions of heal wounds
 X - a potion of magic
 Z - a potion of resistance


   Skills:
 + Level 11.0(13.4) Fighting
 + Level 10.7(16.6) Short Blades
 + Level 10.7(16.6) Long Blades
 + Level 10.7(16.6) Axes
 + Level 10.7(16.6) Maces & Flails
 + Level 10.7(16.6) Polearms
 + Level 10.7(16.6) Staves
 + Level 10.7 Slings
 + Level 10.7 Bows
 + Level 10.7 Crossbows
 + Level 10.7 Throwing
 + Level 10.7(13.1) Armour
 + Level 11.5(16.4) Dodging
 + Level 10.7(15.6) Stealth
 + Level 10.7(13.1) Shields
 + Level 12.3(18.2) Unarmed Combat
 + Level 11.7(14.0) Spellcasting
 + Level 9.1(11.6) Conjurations
 + Level 9.1(11.6) Hexes
 + Level 9.1(11.6) Summonings
 + Level 9.1(11.6) Necromancy
 + Level 9.1(11.6) Translocations
 + Level 9.9(12.3) Transmutations
 + Level 9.1(16.0) Fire Magic
 + Level 9.1(16.0) Ice Magic
 + Level 9.1(16.0) Air Magic
 + Level 9.1(16.0) Earth Magic
 + Level 9.1(11.6) Poison Magic
 + Level 11.5 Invocations
 + Level 10.7(13.1) Evocations


You had 21 spell levels left.
You knew the following spells:

 Your Spells              Type           Power      Damage    Failure   Level
b - Wereblood             Tmut           57%        N/A       1%          2
c - Spider Form           Tmut/Pois      28%        N/A       1%          3
d - Swiftness             Air            65%        N/A       1%          3
e - Haunt                 Necr/Summ      27%        N/A       17%         7
f - Ozocubu's Refrigerat  Ice            32%        4d11      2%          7

Your spell library contained the following spells:

 Spells                   Type           Power      Damage    Failure   Level
 Shock                    Conj/Air       100%       1d9       0%          1
 Apportation              Tloc           100%       N/A       1%          1
 Beastly Appendage        Tmut           100%       N/A       1%          1
 Magic Dart               Conj           100%       1d8       1%          1
 Call Imp                 Summ           55%        N/A       1%          2
 Static Discharge         Conj/Air       60%        N/A       1%          2
 Sublimation of Blood     Necr           27%        N/A       1%          2
 Frozen Ramparts          Ice            100%       1d12      1%          3
 Gell's Gravitas          Tloc           27%        N/A       1%          3
 Inner Flame              Hex/Fire       60%        N/A       1%          3
 Lesser Beckoning         Tloc           27%        N/A       1%          3
 Mephitic Cloud           Conj/Pois/Air  59%        N/A       1%          3
 Stone Arrow              Conj/Erth      100%       3d13      1%          3
 Teleport Other           Tloc           55%        N/A       1%          3
 Airstrike                Air            32%        N/A       1%          4
 Cause Fear               Hex            27%        N/A       1%          4
 Dispel Undead            Necr           55%        3d20      1%          4
 Ice Form                 Ice/Tmut       61%        N/A       1%          4
 Sticky Flame             Conj/Fire      60%        2d8       1%          4
 Summon Ice Beast         Ice/Summ       60%        N/A       1%          4
 Alistair's Intoxication  Tmut/Pois      37%        N/A       1%          5
 Bolt of Magma            Conj/Fire/Erth 31%        4d14      1%          5
 Lightning Bolt           Conj/Air       30%        1d47      1%          5
 Invisibility             Hex            27%        N/A       3%          6
 Summon Hydra             Summ           27%        N/A       17%         7
 Discord                  Hex            27%        N/A       77%         8


Dungeon Overview and Level Annotations

Branches:
Dungeon (12/15)            Temple (1/1) D:7            Lair (6/6) D:8
  Swamp (0/4) Lair:3        Snake (4/4) Lair:4        Slime (0/5) Lair:5
    Orc (2/2) D:10            Elf (0/3) Orc:2         IceCv (visited)

Altars:
Ashenzari
Cheibriados
Dithmenos
Elyvilon
Fedhas
Gozag
Hepliaklqana
Kikubaaqudgha
Makhleb
Nemelex Xobeh
Okawaru
Qazlal
Ru
Sif Muna
Trog
Uskayaw
Vehumet
Wu Jian
Xom
Yredelemnul
Zin
The Shining One
Beogh

Shops:
D:9 *   Orc:2 [=!*

Annotations:
D:8 exclusion: statue
Lair:3 3 runed translucent doors, barkas's ghost, journeyman NaSu
Lair:4 3 runed translucent doors, RBrandon's ghost, journeyman MfNe; Sonja
Lair:6 exclusion: obsidian statue


Innate Abilities, Weirdness & Mutations

You cannot drink.
You have very sharp teeth.
Your uncanny sense of smell can sniff out nearby items.
Your experience applies equally to all skills.


Message History

You block the black mamba's attack.
The shock serpent shoots out a bolt of lightning at you!
The bolt of electricity misses you. The naga warrior closely misses you.
You riposte.
You hit the naga warrior but do no damage.
The naga warrior is heavily wounded.
The naga warrior closely misses you. x3
Unknown command.
Unknown command.
Casting: Ozocubu's Refrigeration (dangerous; 2% risk of failure)
Confirm with . or Enter, or press ? or * to list all spells.
The heat is drained from your surroundings.
You feel very cold.
The naga warriors, the black mamba and the shock serpent are frozen.
The naga warrior is severely wounded.
You kill the black mamba!
The naga warrior is almost dead.
You kill the shock serpent!
* * * LOW MAGIC WARNING * * *
The air sparks with electricity, shocking you!
You block the naga warrior's attack. The naga warrior grabs you.
The naga warrior constricts you.
The naga warrior roars a battlecry!
The naga warrior goes into a battle-frenzy!
Unknown command.
Unknown command.
You are too injured to fight recklessly!
You are too injured to fight recklessly!
You are too injured to fight recklessly!
The naga warrior blocks your attack.
The naga warrior is almost dead.
You hit the naga warrior. You freeze the naga warrior.
The naga warrior is severely wounded.
The naga warrior hits you with a +0 war axe!!
* * * LOW MAGIC WARNING * * *
* * * LOW HITPOINT WARNING * * *
The naga warrior hits you with a +0 short sword!!!
* * * LOW MAGIC WARNING * * *
* * * LOW HITPOINT WARNING * * *
You die...

*,*, , ** , , ,* *
#....##...#.#,
*,,,*
,.....#..)... **
,,* *
,#........... * ,,
*
*,,#...........,**
, ,,#...........,
** ,,,,
*,,#...........,,
, ,, #....)......,
,*, ,, #.N@...# ,*
, #...N..# * * ,,
, *,, #.......# ,,
, , , *
,.........# ,, ,,
* ..........# , ,
,, * #......##...#
,, , * #......
*...#* ,,, , *
#......* ...# ,, ,
,, ,,* , ,, ,,**


You could see 2 naga warriors.

Vanquished Creatures
  Jorgrun (Orc:1)
  Kirke (Lair:6)
  4 dire elephants (Lair:6)
  Fannar (Lair:3)
  7 naga warriors
  8 hydras
  A salamander tyrant (Snake:1)
  2 catoblepae (Lair:5)
  5 nameless horrors
  4 anacondas
  3 two-headed ogres
  A death yak (Lair:6)
  2 spectral dire elephants (Lair:6)
  3 orc high priests (Orc:2)
  3 naga sharpshooters (Snake:1)
  Nergalle (Lair:2)
  7 shock serpents
  A spectral death yak (Lair:6)
  A spectral anaconda (Lair:6)
  2 naga ritualists (Snake:3)
  4 orc knights (Orc:2)
  2 ugly things (IceCv)
  3 necromancers (Lair:6)
  A cyclops (D:11)
  6 orc sorcerers
  17 salamanders
  A mana viper (Snake:1)
  24 black mambas
  10 elephants
  3 ice statues (IceCv)
  Joseph (Lair:1)
  A torpor snail (Lair:2)
  3 guardian serpents
  4 cane toads
  2 gargoyles
  4 naga magi
  Psyche (D:8)
  3 rime drakes
  5 komodo dragons
  A dire elephant skeleton (Lair:6)
  An entropy weaver simulacrum (IceCv)
  An anaconda simulacrum (IceCv)
  5 trolls
  A polar bear (Lair:6)
  Grinder (D:3)
  10 dream sheep (Lair:6)
  A hornet (D:9)
  3 spectral elephants (Lair:6)
  7 blink frogs
  A spriggan (Lair:6)
  2 hogs (Lair:6)
  A dire elephant simulacrum (Lair:6)
  A wraith (D:9)
  5 wyverns
  32 yaks
  2 steam dragons
  5 basilisks
  7 vampire mosquitoes (D:12)
  2 death yak simulacra
  4 spectral cane toads (Lair:6)
  24 nagas
  3 wargs (Orc:2)
  3 swamp worms (Lair:3)
  Duvessa (D:7)
  13 water moccasins
  2 black bears
  4 ice beasts
  A necrophage (D:6)
  2 sky beasts
  18 orc warriors
  4 elephant zombies (Lair:6)
  4 ogres
  A phantom (D:5)
  21 wolves
  3 centaurs
  7 elephant skeletons (Lair:6)
  10 bullfrogs
  A gnoll sergeant (D:5)
  A kobold brigand (D:6)
  Dowan (D:7)
  5 cane toad simulacra
  A scorpion (D:5)
  A water moccasin skeleton (D:7)
  7 killer bees
  2 elephant simulacra (Lair:6)
  4 howler monkeys
  A vampire bat (D:5)
  3 electric eels
  5 lava snakes
  A jelly (D:6)
  4 centaur zombies
  7 hounds
  12 orc priests
  2 iguanas
  Jessica (D:3)
  21 orc wizards
  2 polar bear simulacra
  A wolf simulacrum (IceCv)
  A killer bee zombie (D:7)
  A howler monkey zombie (D:8)
  7 gnolls
  2 howler monkey skeletons (D:5)
  8 adders
  2 shadow imps (D:7)
  A white imp (D:6)
  2 ufetubi
  A worm (D:2)
  3 dart slugs
  35 orcs
  7 ball pythons
  5 endoplasms
  5 giant cockroaches
  7 goblins
  5 hobgoblins
  3 jackals (D:1)
  7 kobolds
  6 quokkas
  18 bats
  3 frilled lizards
  8 rats
587 creatures vanquished.

Vanquished Creatures (collateral kills)
  A nagaraja (Snake:2)
  A naga warrior (Snake:1)
  A shock serpent (Snake:1)
  3 naga sharpshooters
  A salamander mystic (Snake:1)
  2 mana vipers
  2 salamanders (Snake:1)
  A naga mage (Snake:1)
  3 black mambas
  A troll (D:12)
  5 nagas
  A lava snake (Snake:1)
22 creatures vanquished.

Vanquished Creatures (others)
  2 humans (Lair:6)
  34 fungi
  91 plants
  24 withered plants (Lair:6)
151 creatures vanquished.

Grand Total: 760 creatures vanquished

Notes
Turn   | Place    | Note
-------+----------+-------------------------------------------
     0 | D:1      | lunkers the Gnoll Transmuter began the quest for the Orb.
     0 | D:1      | Reached XP level 1. HP: 17/17 MP: 6/6
   328 | D:1      | Reached XP level 2. HP: 20/23 MP: 7/7
   332 | D:1      | Learned a level 2 spell: Wereblood
  1075 | D:2      | Reached XP level 3. HP: 27/28 MP: 9/9
  1112 | D:2      | Reached skill level 5 in Spellcasting
  1360 | D:2      | Reached skill level 1 in Invocations
  1592 | D:2      | Reached skill level 1 in Short Blades
  1592 | D:2      | Reached skill level 1 in Long Blades
  1592 | D:2      | Reached skill level 1 in Axes
  1592 | D:2      | Reached skill level 1 in Maces & Flails
  1592 | D:2      | Reached skill level 1 in Polearms
  1592 | D:2      | Reached skill level 1 in Staves
  1592 | D:2      | Reached skill level 1 in Slings
  1592 | D:2      | Reached skill level 1 in Bows
  1592 | D:2      | Reached skill level 1 in Crossbows
  1592 | D:2      | Reached skill level 1 in Throwing
  1592 | D:2      | Reached skill level 1 in Armour
  1592 | D:2      | Reached skill level 1 in Stealth
  1592 | D:2      | Reached skill level 1 in Shields
  1592 | D:2      | Reached skill level 1 in Evocations
  1639 | D:2      | Reached XP level 4. HP: 13/34 MP: 9/11
  1643 | D:2      | Learned a level 3 spell: Spider Form
  2606 | D:2      | Found a faded altar of an unknown god.
  2880 | D:3      | Reached skill level 1 in Conjurations
  2880 | D:3      | Reached skill level 1 in Hexes
  2880 | D:3      | Reached skill level 1 in Summonings
  2880 | D:3      | Reached skill level 1 in Necromancy
  2880 | D:3      | Reached skill level 1 in Translocations
  2880 | D:3      | Reached skill level 1 in Fire Magic
  2880 | D:3      | Reached skill level 1 in Ice Magic
  2880 | D:3      | Reached skill level 1 in Air Magic
  2880 | D:3      | Reached skill level 1 in Earth Magic
  2880 | D:3      | Reached skill level 1 in Poison Magic
  2883 | D:3      | Reached XP level 5. HP: 35/40 MP: 9/12
  3093 | D:3      | Noticed Grinder
  3351 | D:3      | Paralysed by Grinder for 3 turns
  3356 | D:3      | Killed Grinder
  3357 | D:3      | Reached skill level 5 in Dodging
  3357 | D:3      | Reached XP level 6. HP: 16/47 MP: 12/14
  3721 | D:3      | Noticed Jessica
  3733 | D:3      | Killed Jessica
  4269 | D:4      | Reached XP level 7. HP: 52/52 MP: 15/15
  4414 | D:4      | Reached skill level 7 in Unarmed Combat
  5394 | D:5      | Entered Level 5 of the Dungeon
  5703 | D:5      | Reached XP level 8. HP: 39/60 MP: 13/16
  5710 | D:5      | Learned a level 3 spell: Swiftness
  5715 | D:5      | Learned a level 4 spell: Ice Form
  7636 | D:6      | Reached skill level 5 in Transmutations
  7636 | D:6      | Reached XP level 9. HP: 66/66 MP: 14/18
  8534 | D:7      | Found a staircase to the Ecumenical Temple.
  8552 | D:7      | Reached skill level 5 in Fighting
  8764 | Temple   | Entered the Ecumenical Temple
  8861 | Temple   | Became a worshipper of Ashenzari the Shackled
  8861 | Temple   | Identified a scroll of acquirement
  8872 | D:7      | Acquired the ring of Disaster {AC+4 Str+7 Dex+4}
  8977 | D:7      | Identified the amulet of Disaster {Spirit rF+}
  9033 | D:7      | Noticed Dowan
  9034 | D:7      | Noticed Duvessa
  9039 | D:7      | Killed Duvessa
  9045 | D:7      | Killed Dowan
  9293 | D:7      | Reached skill level 8 in Unarmed Combat
  9397 | D:7      | Reached skill level 5 in Invocations
 10075 | D:8      | Found a radiant altar of Vehumet.
 10172 | D:8      | Noticed Psyche
 10180 | D:8      | Killed Psyche
 10181 | D:8      | Reached XP level 10. HP: 74/74 MP: 16/20
 10391 | D:8      | Reached * piety under Ashenzari
 10396 | D:8      | Noticed an elephant
 10397 | D:8      | Found a staircase to the Lair.
 10722 | D:8      | Reached skill level 5 in Short Blades
 10722 | D:8      | Reached skill level 5 in Long Blades
 10722 | D:8      | Reached skill level 5 in Axes
 10722 | D:8      | Reached skill level 5 in Maces & Flails
 10722 | D:8      | Reached skill level 5 in Polearms
 10722 | D:8      | Reached skill level 5 in Staves
 10722 | D:8      | Reached skill level 5 in Slings
 10722 | D:8      | Reached skill level 5 in Bows
 10722 | D:8      | Reached skill level 5 in Crossbows
 10722 | D:8      | Reached skill level 5 in Throwing
 10722 | D:8      | Reached skill level 5 in Armour
 10722 | D:8      | Reached skill level 5 in Stealth
 10722 | D:8      | Reached skill level 5 in Shields
 10722 | D:8      | Reached skill level 5 in Evocations
 10769 | D:8      | Noticed a five-headed hydra
 10774 | D:8      | Killed a five-headed hydra
 11239 | D:8      | Killed an elephant
 11775 | D:9      | Found Xucaameu's Gadget Gallery.
 11860 | D:9      | Reached ** piety under Ashenzari
 11999 | D:9      | Identified the cursed +0 steam dragon scales of Supernal
                  | Knowledge {Fort, Elem} (You found it on level 7 of the
                  | Dungeon)
 12050 | D:9      | Paralysed by a hornet for 2 turns
 12884 | D:10     | Entered Level 10 of the Dungeon
 12965 | D:10     | Reached XP level 11. HP: 83/83 MP: 17/22
 12992 | D:10     | Identified the cursed +0 kite shield of the Shattered Augur
                  | {Range, Self} (You took it off a gnoll sergeant on level 5
                  | of the Dungeon)
 13198 | D:10     | Found a staircase to the Orcish Mines.
 13308 | D:10     | Reached *** piety under Ashenzari
 13434 | D:10     | Identified the +3 robe "Ivveojav" {rPois Dex+3}
 13508 | D:10     | Identified the cursed +0 pair of boots of the Enigmatic
                  | Vexation {Elem, Alch} (You found it on level 4 of the
                  | Dungeon)
 14114 | Lair:1   | Entered Level 1 of the Lair of Beasts
 14133 | Lair:1   | Reached skill level 9 in Unarmed Combat
 14154 | Lair:1   | Reached skill level 5 in Conjurations
 14154 | Lair:1   | Reached skill level 5 in Hexes
 14154 | Lair:1   | Reached skill level 5 in Summonings
 14154 | Lair:1   | Reached skill level 5 in Necromancy
 14154 | Lair:1   | Reached skill level 5 in Translocations
 14154 | Lair:1   | Reached skill level 5 in Fire Magic
 14154 | Lair:1   | Reached skill level 5 in Ice Magic
 14154 | Lair:1   | Reached skill level 5 in Air Magic
 14154 | Lair:1   | Reached skill level 5 in Earth Magic
 14154 | Lair:1   | Reached skill level 5 in Poison Magic
 14180 | Lair:1   | Noticed Joseph
 14193 | Lair:1   | Killed Joseph
 14229 | Lair:1   | Found a frozen archway.
 14243 | IceCv    | Entered an ice cave
 14254 | IceCv    | Reached **** piety under Ashenzari
 14351 | IceCv    | Noticed a white ugly thing
 14383 | IceCv    | Killed a white ugly thing
 14493 | IceCv    | Noticed a white ugly thing
 14691 | IceCv    | Killed a white ugly thing
 14705 | IceCv    | Identified the +8 broad axe "Veyfischy" {holy, *Rage rC+
                  | Int+2 Dex+2}
 14925 | Lair:1   | Identified the +0 chain mail of the Nexus {-Cast rElec rN+}
 15711 | Lair:2   | Identified the cursed +0 kite shield of Ashenzari's
                  | Negation {Elem, Cun} (You found it on level 1 of the
                  | Dungeon)
 15855 | Lair:2   | Noticed Nergalle
 15860 | Lair:2   | Reached XP level 12. HP: 91/91 MP: 17/24
 15870 | Lair:2   | Killed Nergalle
 15979 | Lair:2   | Identified the cursed +5 dagger of Cremastomancy {protect,
                  | Alch, Elem} (You took it off Dowan on level 7 of the
                  | Dungeon)
 15992 | Lair:2   | Noticed a seven-headed hydra
 16001 | Lair:2   | Killed a seven-headed hydra
 16770 | Lair:3   | Noticed a five-headed hydra
 16787 | Lair:3   | Found a runed translucent gate.
 16787 | Lair:3   | Found a runed translucent gate.
 16787 | Lair:3   | Found a runed translucent gate.
 16817 | Lair:3   | Noticed a four-headed hydra
 16827 | Lair:3   | Killed a four-headed hydra
 17087 | Lair:3   | Noticed Fannar
 17103 | Lair:3   | Killed Fannar
 17365 | Lair:3   | Killed a five-headed hydra
 17521 | Lair:3   | Reached skill level 10 in Unarmed Combat
 17675 | Lair:3   | Reached ***** piety under Ashenzari
 17700 | Lair:3   | Found a staircase to the Swamp.
 17776 | Lair:3   | Identified the cursed +0 pair of gloves "Overhang to
                  | Understand" {Melee, Comp} (You found it on level 2 of the
                  | Lair of Beasts)
 18027 | Lair:3   | Noticed barkas's ghost (journeyman NaSu)
 18029 | Lair:3   | Identified the ring "Jyush" {*Corrode rElec rN+ Str+2
                  | Stlth+}
 18477 | Lair:4   | Acquired the +0 hat "Nidi" {rN+}
 18551 | Lair:4   | Noticed Sonja
 18553 | Lair:4   | Paralysed by Sonja for 7 turns
 18634 | Lair:4   | Noticed a 13-headed hydra
 18638 | Lair:4   | Found a runed translucent gate.
 18638 | Lair:4   | Found a runed translucent gate.
 18638 | Lair:4   | Found a runed translucent gate.
 18655 | Lair:4   | Noticed RBrandon's ghost (journeyman MfNe)
 18669 | Lair:4   | Found a staircase to the Snake Pit.
 18774 | Lair:4   | Noticed a six-headed hydra
 18783 | Lair:4   | Killed a six-headed hydra
 19108 | Lair:5   | Noticed a seven-headed hydra
 19118 | Lair:5   | Killed a seven-headed hydra
 19119 | Lair:5   | Reached XP level 13. HP: 83/99 MP: 13/26
 20175 | Lair:5   | Found a staircase to the Slime Pits.
 20306 | Lair:6   | Entered Level 6 of the Lair of Beasts
 21006 | Lair:6   | Noticed Kirke
 21021 | Lair:6   | Noticed a sphinx
 21024 | Lair:6   | Killed Kirke
 21025 | Lair:6   | Reached skill level 10 in Spellcasting
 21438 | Lair:6   | Noticed a dire elephant
 21438 | Lair:6   | Noticed a dire elephant
 21439 | Lair:6   | Noticed a dire elephant
 21439 | Lair:6   | Noticed a dire elephant
 21697 | Lair:6   | Reached XP level 14. HP: 108/108 MP: 23/28
 21699 | Lair:6   | Reached skill level 10 in Dodging
 21853 | Lair:6   | Reached skill level 11 in Unarmed Combat
 22760 | Lair:6   | Killed a dire elephant
 22765 | Lair:6   | Killed a dire elephant
 23313 | Lair:6   | Reached skill level 10 in Invocations
 23822 | Lair:6   | Killed a dire elephant
 23991 | Lair:6   | Killed a dire elephant
 24456 | Orc:1    | Entered Level 1 of the Orcish Mines
 24623 | Orc:1    | Noticed Jorgrun
 24647 | Orc:1    | Killed Jorgrun
 24990 | Orc:1    | Identified the Grimoire of Icy Confrontation
 25012 | Orc:1    | Learned a level 7 spell: Ozocubu's Refrigeration
 25211 | Orc:2    | Entered Level 2 of the Orcish Mines
 25317 | Orc:2    | Found Cism's Distillery.
 25890 | Orc:2    | Found a staircase to the Elven Halls.
 26037 | Orc:2    | Identified the cursed +6 double sword of Ashenzari's
                  | Suspicion {freeze, Elem, Self} (You found it on level 6 of
                  | the Lair of Beasts)
 26308 | Orc:2    | Reached skill level 10 in Fighting
 26309 | Orc:2    | Paralysed by an orc sorcerer for 7 turns
 26801 | Orc:2    | Found Ritomeug's General Store.
 26801 | Orc:2    | Found Atreemm's Armour Shoppe.
 26802 | Orc:2    | Found Yhogikk's Jewellery Shop.
 26876 | Orc:2    | Bought a ring of the Octopus King {Wiz AC+1 EV+1 Str+1
                  | Int+1 Dex+1} for 568 gold pieces
 26876 | Orc:2    | Found the ring of the Octopus King {Wiz AC+1 EV+1 Str+1
                  | Int+1 Dex+1}
 27063 | D:11     | Reached XP level 15. HP: 122/122 MP: 32/32
 27172 | D:11     | Identified the Almanac of the Ashen Entourage
 27394 | D:11     | Identified the +7 mace "Ijibamia" {flame, rElec rC- Dex+3
                  | SInv}
 28074 | D:12     | Learned a level 7 spell: Haunt
 28749 | Snake:1  | Entered Level 1 of the Snake Pit
 28842 | Snake:1  | Identified the +4 ring mail "Ejish" {Fly}
 29193 | Snake:1  | Reached skill level 10 in Short Blades
 29193 | Snake:1  | Reached skill level 10 in Long Blades
 29193 | Snake:1  | Reached skill level 10 in Axes
 29193 | Snake:1  | Reached skill level 10 in Maces & Flails
 29193 | Snake:1  | Reached skill level 10 in Polearms
 29193 | Snake:1  | Reached skill level 10 in Staves
 29193 | Snake:1  | Reached skill level 10 in Slings
 29193 | Snake:1  | Reached skill level 10 in Bows
 29193 | Snake:1  | Reached skill level 10 in Crossbows
 29193 | Snake:1  | Reached skill level 10 in Throwing
 29193 | Snake:1  | Reached skill level 10 in Armour
 29193 | Snake:1  | Reached skill level 10 in Stealth
 29193 | Snake:1  | Reached skill level 10 in Shields
 29193 | Snake:1  | Reached skill level 10 in Evocations
 29240 | Lair:4   | HP: 6/122 [naga mage (1)]
 29245 | Lair:4   | HP: 2/122 [poisoned by a naga mage (splash of poison)]
 31107 | Snake:1  | Reached skill level 12 in Unarmed Combat
 31287 | Snake:1  | Identified the +2 robe "Goyfiqa" {Harm rN+}
 32315 | Snake:2  | Noticed a nagaraja
 32323 | Snake:2  | Killed a nagaraja
 33535 | Snake:3  | Reached XP level 16. HP: 130/130 MP: 19/33
 34826 | Snake:4  | Entered Level 4 of the Snake Pit
 34831 | Snake:4  | HP: 1/131 [naga warrior (42)]
 34831 | Snake:4  | Slain by a naga warrior

Illustrated notes

Levels and vault maps discovered:
D:1:      saegor_arrival_miasma, layout_basic, dk_noncrumbling_4, st_stairs_3,
          serial_bayou_pond_d, hangedman_decor_push
D:2:      layout_loops_corners, shapermc_ecumenical_altar_hornbeckon,
          grunt_ministairs_3
D:3:      layout_loops_ring, minmay_vboxes, uniq_grinder, uniq_jessica
D:4:      layout_loops_ring
D:5:      layout_basic, roderic_batcave
D:6:      layout_cave_pods, serial_bayou_pond_b
D:7:      statuecave_lemuel, layout_loops_cross, minmay_temple_entry_slanted,
          uniq_duvessa
D:8:      layout_loops_corners, vehumet_statue, david_lair_generic,
          minmay_microvault, uniq_psyche
D:9:      layout_basic, nicolae_shop_gadgets
D:10:     layout_gridville, orc_0_dummy, serial_rivers,
          chequers_serial_rivers_micro_d, chequers_serial_rivers_micro_a,
          chequers_serial_rivers_room_b, chequers_serial_rivers_micro_a,
          chequers_serial_rivers_room_a
D:11:     layout_stronghold
D:12:     layout_basic, minmay_misc_feat_tower
Temple:   grunt_wide_crystal_templ
Lair:1:   beast_lair_carwin_large_2, layout_long_grid,
          portal_ice_cave_entry_ice_simulacra, uniq_joseph
Lair:2:   layout_misc_corridors, grunt_forest_small_clearing_treed,
          grunt_megastairs_3, serial_bayou_shore_b, uniq_nergalle
Lair:3:   layout_hall_layers, nicolae_swamp_entry_splash_gauntlet,
          gammafunk_ghost_icy, uniq_fannar
Lair:4:   layout_roguey, dummy_snake_entry, gammafunk_ghost_hydra_chop,
          grunt_megastairs_4, lemuel_fruit_fields, uniq_sonja
Lair:5:   layout_loops_ring, dpeg_slime_entry_corner, serial_bayou,
          serial_bayou_pond_a, serial_bayou_shore_a, serial_bayou_lagoon_a,
          serial_bayou_pond_a, infiniplex_staircase_pool_2, lemuel_fruit_tree
Lair:6:   due_jungle_book, layout_regular_city, minivault_27,
          grunt_forest_large_clearing_hut, uniq_kirke
Snake:1:  layout_layer_cave, nicolae_snake_salamander_zone
Snake:2:  layout_chambers
Snake:3:  layout_rooms
Snake:4:  grunt_snake_rune_spirals, layout_onion_interference,
          nicolae_snake_omega, serial_bayou_shore_b, uniq_donald
Orc:1:    layout_caves, guppyfry_library_mini, uniq_jorgrun
Orc:2:    st_orc_elflike, layout_caves, basic_altar, nicolae_orc_lava_tube

Skill      XL: |  1  2  3  4  5  6  7  8  9 10 11 12 13 14 15 16 |
---------------+-------------------------------------------------+-----
Spellcasting   | 5 6 7 8 9 10 11 | 11.7
Invocations    | 1 2 3 4 5 6 7 8 9 10 11 | 11.5
Short Blades   | 1 2 3 4 5 6 7 8 9 10 | 10.7
Long Blades    | 1 2 3 4 5 6 7 8 9 10 | 10.7
Axes           | 1 2 3 4 5 6 7 8 9 10 | 10.7
Maces & Flails | 1 2 3 4 5 6 7 8 9 10 | 10.7
Polearms       | 1 2 3 4 5 6 7 8 9 10 | 10.7
Staves         | 1 2 3 4 5 6 7 8 9 10 | 10.7
Slings         | 1 2 3 4 5 6 7 8 9 10 | 10.7
Bows           | 1 2 3 4 5 6 7 8 9 10 | 10.7
Crossbows      | 1 2 3 4 5 6 7 8 9 10 | 10.7
Throwing       | 1 2 3 4 5 6 7 8 9 10 | 10.7
Armour         | 1 2 3 4 5 6 7 8 9 10 | 10.7
Stealth        | 1 2 3 4 5 6 7 8 9 10 | 10.7
Shields        | 1 2 3 4 5 6 7 8 9 10 | 10.7
Evocations     | 1 2 3 4 5 6 7 8 9 10 | 10.7
Conjurations   | 1 2 3 4 5 6 7 8 9 |  9.1
Hexes          | 1 2 3 4 5 6 7 8 9 |  9.1
Summonings     | 1 2 3 4 5 6 7 8 9 |  9.1
Necromancy     | 1 2 3 4 5 6 7 8 9 |  9.1
Translocations | 1 2 3 4 5 6 7 8 9 |  9.1
Fire Magic     | 1 2 3 4 5 6 7 8 9 |  9.1
Ice Magic      | 1 2 3 4 5 6 7 8 9 |  9.1
Air Magic      | 1 2 3 4 5 6 7 8 9 |  9.1
Earth Magic    | 1 2 3 4 5 6 7 8 9 |  9.1
Poison Magic   | 1 2 3 4 5 6 7 8 9 |  9.1
Fighting       | 3 4 5 6 7 8 9 10 11 | 11.0
Transmutations | 4 5 6 7 8 9 |  9.9
Dodging        | 5 6 7 8 9 10 11 | 11.5
Unarmed Combat | 7 8 9 10 11 12 | 12.3

Action                   |  1- 3 |  4- 6 |  7- 9 | 10-12 | 13-15 | 16-18 || total
-------------------------+-------+-------+-------+-------+-------+-------++-------
Melee: Unarmed           |    83 |   109 |   223 |   417 |   425 |       ||  1257
       Headbutt          |     9 |     5 |       |       |     1 |       ||    15
       Bite              |     5 |     8 |     2 |     4 |    84 |    11 ||   114
       Punch             |     2 |       |     2 |       |       |       ||     4
       Kick              |     5 |    12 |       |       |     5 |       ||    22
       Dagger            |       |       |       |       |    12 |       ||    12
       Double sword      |       |       |       |       |   479 |    59 ||   538
 Cast: Beastly Appendage |    24 |    13 |       |     1 |     3 |       ||    41
       Wereblood         |     1 |     2 |    11 |    20 |    17 |       ||    51
       Spider Form       |       |     9 |    14 |       |     2 |       ||    25
       Ice Form          |       |       |    29 |    44 |    27 |       ||   100
       Ozocubu's Refrige |       |       |       |       |    27 |    10 ||    37
       Haunt             |       |       |       |       |    24 |     2 ||    26
Invok: Curse Item        |       |       |     1 |     8 |     1 |     1 ||    11
       Shatter the Chain |       |       |       |     1 |     1 |       ||     2
Evoke: Wand              |       |       |     3 |     4 |     1 |       ||     8
  Use: Scroll            |       |       |     1 |     3 |     8 |       ||    12
       Potion            |       |       |       |       |     1 |       ||     1
 Stab: Sleeping          |       |     2 |     7 |    11 |    19 |     1 ||    40
       Distracted        |       |       |       |     3 |     4 |     1 ||     8
Armor: Robe              |    22 |    10 |       |       |       |       ||    32
       Skin              |       |     2 |    32 |   159 |   191 |       ||   384
       Steam dragon scal |       |       |     7 |    11 |    71 |     6 ||    95
Dodge: Dodged            |    57 |    75 |   135 |   316 |   570 |    32 ||  1185
Block: Kite shield       |       |       |       |    15 |   296 |    36 ||   347
       Rpst.: Double sword |       |       |       |       |    61 |     5 ||    66

Table legend: (Time is in decaauts)
 A = Elapsed time spent in this place.
 B = Non-inter-level travel time spent in this place.
 C = Inter-level travel time spent in this place.
 D = Time resting spent in this place.
 E = Time spent auto-exploring this place.
 F = Levels seen in this place.
 G = Mean time per level.
                   A        B        C        D        E       F      G
               +--------+--------+--------+--------+--------+-----+--------+
         Total |  34585 |  32468 |   2117 |   4133 |  23532 |  26 | 1330.2 |
       Dungeon |  15775 |  14486 |   1289 |    968 |  11779 |  12 | 1314.6 |
        Temple |    106 |     89 |     17 |      0 |     88 |   1 |  106.0 |
          Lair |  10539 |  10069 |    470 |   2266 |   6334 |   6 | 1756.5 |
     Snake Pit |   5208 |   4974 |    234 |    400 |   3835 |   4 | 1302.0 |
  Orcish Mines |   2458 |   2352 |    106 |    313 |   1461 |   2 | 1229.0 |
      Ice Cave |    497 |    497 |      0 |    186 |     35 |   1 |  497.0 |
               +--------+--------+--------+--------+--------+-----+--------+

Top non-repeatable levels by time:
  Lair:6: 3456 daAuts
 Snake:1: 2408 daAuts
 Snake:2: 2005 daAuts
     D:2: 1940 daAuts
  Lair:4: 1819 daAuts
     D:7: 1752 daAuts
  Lair:5: 1740 daAuts
     D:8: 1520 daAuts
     D:4: 1492 daAuts
   Orc:2: 1469 daAuts
     D:5: 1453 daAuts
  Lair:3: 1419 daAuts
     D:6: 1390 daAuts
     D:3: 1305 daAuts
     D:9: 1256 daAuts
